 Dungeon Sprint DCSS version 0.30-a0-263-ge22c4ad894 (webtiles) character file.

Game seed: 3137361700296471298

11 Hubris850 the Chopper (level 2, -4/25 HPs)
             Began as a Ghoul Gladiator on Oct 13, 2022.
             Was a Follower of Makhleb.
             Slain by a gnoll
             ... wielding a +0 flail
              (12 damage)
             ... in the Dungeon (Sprint VII: "The Pits").
             The game lasted 00:00:50 (80 turns).

Hubris850 the Chopper (Ghoul Gladiator)               Turns: 80, Time: 00:00:50

Health: -4/25      AC:  4    Str: 17    XL:     2   Next: 29%
Magic:  1/1        EV: 12    Int:  3    God:    Makhleb [*.....]
Gold:   0          SH:  0    Dex: 10    Spells: 1/1 levels left

rFire   . . .      SeeInvis .    k - +2 trident (flame)
rCold   + . .      Faith    .    (no shield)
rNeg    + + +      Spirit   .    b - +0 leather armour
rPois   ∞          Reflect  .    c - +0 helmet
rElec   .          Harm     .    (no cloak)
rCorr   .          Rampage  .    (no gloves)
Will    .....      NoTele   +    (no boots)
Stlth   +.........               (no amulet)
HPRegen 0.00/turn                (no ring)
MPRegen 0.07/turn                (no ring)

@: inhibited regen
A: claws 1, cold resistance 1, negative energy resistance 3, inhibited
regeneration, torment resistance 2, devour on kill
a: Renounce Religion


You were in the Dungeon.
You worshipped Makhleb.
Makhleb was aware of your devotion.
You visited 1 branch

Inventory:

Hand Weapons
 a - a +0 war axe
 k - a +2 trident of flaming (weapon)
Missiles
 d - 3 throwing nets (quivered)
 e - a javelin
Armour
 b - a +0 leather armour (worn)
 c - a +0 helmet (worn)
Scrolls
 j - a scroll of blinking
 m - 5 scrolls of amnesia
 n - a scroll of summoning
Potions
 f - a potion of curing
 g - a potion of heal wounds
 h - a potion of haste
 i - 4 potions of magic
 l - 2 potions of invisibility


   Skills:
 + Level 2.6 Fighting
 + Level 3.6 Axes
 + Level 0.3(2.2) Polearms
 + Level 2.3 Throwing
 + Level 0.1 Armour
 + Level 3.5 Dodging


You had one spell level left.
You didn't know any spells.
Your spell library was empty.

Dungeon Overview and Level Annotations

Branches:
Dungeon (1/1)

Altars:
Ashenzari
Cheibriados
Dithmenos
Fedhas
Gozag
Hepliaklqana
Kikubaaqudgha
Makhleb
Nemelex Xobeh
Okawaru
Qazlal
Ru
Sif Muna
Trog
Uskayaw
Vehumet
Wu Jian
Xom
Yredelemnul
Jiyva
Lugonu


Innate Abilities, Weirdness & Mutations

You are immune to poison.
You have sharp fingernails.
Your flesh is cold resistant. (rC+)
You are immune to negative energy. (rN+++)
You do not regenerate when monsters are visible.
You are immune to unholy pain and torment.
You thrive by killing the living.


Message History

The adder bites you but does no damage.
You puncture the adder! You burn the adder.
You kill the adder!
Makhleb accepts your kill.
Your Dodging skill increases to level 3!
You have reached level 2!
There is an open door here.
You open the door.
There is an open door here.
You open the door.
A ball python comes into view.
The ball python moves out of view.
A gnoll comes into view. It is wielding a +0 flail.
The gnoll hits you but does no damage.
There is an open door here.
You closely miss the ball python. The ball python bites you.
The ball python barely misses you. The gnoll misses you.
The ball python misses you. The ball python closely misses you.
You barely miss the ball python.
The ball python bites you but does no damage.
The ball python misses you. The gnoll barely misses you.
Unknown command.
The gnoll attacks as you move away! The gnoll hits you with a +0 flail.
The ball python attacks as you move away!
The ball python bites you but does no damage.
The ball python bites you. The ball python grabs you.
The ball python constricts you.
You hit the ball python. You burn the ball python.
You kill the ball python!
Makhleb accepts your kill.
You can now gain health from killing.
You feel better.
You closely miss the gnoll. The gnoll hits you with a +0 flail.
The gnoll misses you.
You closely miss the gnoll. The gnoll hits you with a +0 flail!
You closely miss the gnoll. The gnoll barely misses you.
You completely miss the gnoll. The gnoll barely misses you.
You hit the gnoll. You burn the gnoll.
The gnoll is moderately wounded.
The gnoll hits you with a +0 flail!
You die...

##########'##...........
#.?(!')))'.##......#..#
##########.##..........
#..........†'...........
+#####'#####......#..#.
#...'.##...........
#...#.#####'#####+
#####.##.......#
+...#@##.......#
+...g.##.......#
########...<...#
#.......# #.......#
#.......# #########


You could see a gnoll.

Vanquished Creatures
  An adder (D)
  A quokka (D)
  A ball python (D)
  A bat (D)
4 creatures vanquished.

Notes
Turn   | Place    | Note
-------+----------+-------------------------------------------
     0 | D        | Hubris850 the Ghoul Gladiator began the quest for the Orb.
     0 | D        | Reached XP level 1. HP: 17/17 MP: 0/0
    39 | D        | Found a basalt altar of Yredelemnul.
    39 | D        | Found a shimmering altar of Xom.
    39 | D        | Found an ornate altar of the Wu Jian Council.
    39 | D        | Found a bloodstained altar of Trog.
    39 | D        | Found a shimmering blue altar of Sif Muna.
    39 | D        | Found a sacrificial altar of Ru.
    39 | D        | Found a stormy altar of Qazlal.
    39 | D        | Found an iron altar of Okawaru.
    39 | D        | Found a sparkling altar of Nemelex Xobeh.
    39 | D        | Found a burning altar of Makhleb.
    39 | D        | Found a viscous altar of Jiyva.
    39 | D        | Found a hazy altar of Hepliaklqana.
    39 | D        | Found an opulent altar of Gozag.
    39 | D        | Found a blossoming altar of Fedhas.
    39 | D        | Found a shadowy altar of Dithmenos.
    39 | D        | Found a snail-covered altar of Cheibriados.
    40 | D        | Found a radiant altar of Vehumet.
    40 | D        | Found a corrupted altar of Lugonu.
    41 | D        | Found an ancient bone altar of Kikubaaqudgha.
    41 | D        | Found a hide-covered altar of Uskayaw.
    41 | D        | Found a broken altar of Ashenzari.
    47 | D        | Became a worshipper of Makhleb the Destroyer
    63 | D        | Reached XP level 2. HP: 25/25 MP: 1/1
    75 | D        | Reached * piety under Makhleb
    80 | D        | Slain by a gnoll

Illustrated notes

Levels and vault maps discovered:
D:        pitsprint [storerooms_1, entrance_room_1, metal_vault_4, armoury_1,
          mini_pit_1, grid_room_1, main_hall_1, silver_pit, the_coven_2,
          the_vestibule_1, steel_vault_3, golden_pit, hallway_of_sentries,
          crystal_vault_3, iron_vault_5, final_vault]

Skill      XL: |  1 |
---------------+----+-----
Throwing       | 2 |  2.3
Axes           | 3 |  3.6
Dodging        | 3 |  3.5
Fighting       | |  2.6
Polearms       | |  0.3
Armour         | |  0.1

Action                   || total
-------------------------++-------
Melee: Trident           ||    11
       War axe           ||     3
Armor: Leather armour    ||     8
Dodge: Dodged            ||    11

Table legend: (Time is in decaauts)
 A = Elapsed time spent in this place.
 B = Non-inter-level travel time spent in this place.
 C = Inter-level travel time spent in this place.
 D = Time resting spent in this place.
 E = Time spent auto-exploring this place.
 F = Levels seen in this place.
 G = Mean time per level.
                   A        B        C        D        E       F      G
               +--------+--------+--------+--------+--------+-----+--------+
         Total |     82 |     82 |      0 |      0 |      0 |   1 |   82.0 |
       Dungeon |     82 |     82 |      0 |      0 |      0 |   1 |   82.0 |
               +--------+--------+--------+--------+--------+-----+--------+

Top non-repeatable levels by time:
       D: 82 daAuts
